 Dungeon Crawl Stone Soup version 0.29-a0-323-g050149af67 (webtiles) character file.

Game seed: 3797901582482815491

14 Jortsu the Skirmisher (level 2, 24/24 HPs)
             Began as a Demonspawn Fighter on Apr 12, 2022.
             Quit the game on level 1 of the Dungeon.
             The game lasted 00:00:52 (561 turns).

Jortsu the Skirmisher (Demonspawn Fighter)           Turns: 561, Time: 00:00:52

Health: 24/24      AC:  6    Str: 16    XL:     2   Next: 27%
Magic:  2/2        EV:  8    Int:  9    God:
Gold:   40         SH:  4    Dex: 12    Spells: 1/1 levels left

rFire   . . .      SeeInvis .   a - +0 war axe
rCold   . . .      Faith    .   c - +0 buckler
rNeg    . . .      Spirit   .   b - +0 scale mail
rPois   .          Reflect  .   (no helmet)
rElec   .          Harm     .   (no cloak)
rCorr   .          Rampage  .   (no gloves)
Will    .....                   (no boots)
Stlth   ..........              (no amulet)
HPRegen 0.08/turn               (no ring)
MPRegen 0.08/turn               (no ring)

@: no status effects
A: claws 1
a: no special abilities


You were on level 1 of the Dungeon.
You visited 1 branch of the dungeon, and saw 1 of its levels.

You collected 40 gold pieces.

Inventory:

Hand Weapons
 a - a +0 war axe (weapon)
Armour
 b - a +0 scale mail (worn)
 c - a +0 buckler (worn)
Scrolls
 e - 2 scrolls of identify {unknown}
 f - a scroll of silence {unknown}
 g - a scroll of torment {unknown}
Potions
 d - a potion of might


   Skills:
 + Level 3.2 Fighting
 + Level 1.8 Axes
 + Level 3.0 Armour
 + Level 2.9 Shields


You had one spell level left.
You didn't know any spells.
Your spell library was empty.

Dungeon Overview and Level Annotations

Branches:
Dungeon (1/15)

Altars:


Innate Abilities, Weirdness & Mutations

You have sharp fingernails.


Message History

An endoplasm and a goblin come into view.
The endoplasm quivers.
The goblin shouts!
You see here a giant cockroach corpse.
Found a stone staircase leading down.
The endoplasm freezes you.
You are frozen.
You slash the endoplasm!
You kill the endoplasm!
The goblin closely misses you.
You slash the goblin!
You kill the goblin!
You have reached level 2!
Your demonic ancestry asserts itself...
Your fingernails lengthen.
You see here a +0 dagger.
You start resting.
HP restored.
A ball python and a dart slug come into view.
The ball python hisses angrily.
You closely miss the ball python.
The ball python bites you but does no damage.
You block the ball python's attack. x2; The ball python grabs you.
The ball python constricts you.
You hit the ball python.
You kill the ball python!
You slash the dart slug!
The dart slug is severely wounded.
The dart slug bites you but does no damage.
You slash the dart slug!
You kill the dart slug!
Your Armour skill increases to level 3!
You see here a ball python corpse.
A quokka comes into view.
You hit the quokka.
The quokka is severely wounded.
The quokka bites you but does no damage.
You hit the quokka.
You kill the quokka!
Are you sure you want to abandon this character and quit the game? (Confirm with "yes".)

##......... ...# #.#...#
##..####.# ##.# #.##.##
######..####. #.# #.####
##.......##... #.####.###
#.......###...######.#..>....
#..###### #....†......#
#..###### #.#####.#...##
#.......## #.# #.#....# #.
##....)..# #@# #.#..#.# #.
######..# #†# #.#).#.# #.
###..#..# #.# #......####.
#..<....# #.# #...........
#.......## #.# ###†...#####
#..#..### #.# #....# #
#..#### #.# ####....# # #.
#.# #.......# # ##
#.####.###...#####


There were no monsters in sight!

Vanquished Creatures
  A dart slug (D:1)
  3 endoplasms (D:1)
  A giant cockroach (D:1)
  A goblin (D:1)
  A hobgoblin (D:1)
  A quokka (D:1)
  A ball python (D:1)
  A bat (D:1)
10 creatures vanquished.

Notes
Turn   | Place    | Note
-------+----------+-------------------------------------------
     0 | D:1      | Jortsu the Demonspawn Fighter began the quest for the Orb.
     0 | D:1      | Reached XP level 1. HP: 18/18 MP: 1/1
   454 | D:1      | Gained mutation: You have sharp fingernails. [demonic
                  | ancestry]
   454 | D:1      | Reached XP level 2. HP: 17/24 MP: 2/2
   561 | D:1      | Quit the game

Illustrated notes

Levels and vault maps discovered:
D:1:      minmay_arrival_wavy_path, layout_loops_ring, minmay_tromino_v4_a

Skill      XL: |  1  2 |
---------------+-------+-----
Armour         | 3 |  3.0
Fighting       | |  3.2
Axes           | |  1.8
Shields        | |  2.9

Action                   || total
-------------------------++-------
Melee: War axe           ||    27
Armor: Scale mail        ||    10
Dodge: Dodged            ||     9
Block: Buckler           ||     6

Table legend: (Time is in decaauts)
 A = Elapsed time spent in this place.
 B = Non-inter-level travel time spent in this place.
 C = Inter-level travel time spent in this place.
 D = Time resting spent in this place.
 E = Time spent auto-exploring this place.
 F = Levels seen in this place.
 G = Mean time per level.
                   A        B        C        D        E       F      G
               +--------+--------+--------+--------+--------+-----+--------+
         Total |    573 |    573 |      0 |    313 |    180 |   1 |  573.0 |
       Dungeon |    573 |    573 |      0 |    313 |    180 |   1 |  573.0 |
               +--------+--------+--------+--------+--------+-----+--------+

Top non-repeatable levels by time:
     D:1: 573 daAuts
